 Dungeon Crawl Stone Soup version 0.27-a0-412-g8dd771eca2 (webtiles) character file.

Game seed: 16408138950758881212

9 wampuh the Ruffian (level 2, -1/23 HPs)
             Began as a Draconian Transmuter on Feb 23, 2021.
             Slain by a gnoll (5 damage)
             ... on level 1 of the Dungeon.
             The game lasted 00:00:31 (332 turns).

wampuh the Ruffian (Draconian Transmuter)            Turns: 332, Time: 00:00:31

Health: -1/23      AC:  4    Str: 12    XL:     2   Next: 3%
Magic:  4/5        EV: 12    Int: 13    God:
Gold:   0          SH:  0    Dex: 11    Spells: 4/5 levels left

rFire    . . .     SeeInvis .     - Unarmed
rCold    . . .     Faith    .   (no shield)
rNeg     . . .     Spirit   .   (armour unavailable)
rPois    .         Reflect  .   (helmet currently unavailable)
rElec    .         Harm     .   (no cloak)
rCorr    .         Rampage  .   (no gloves)
Will     .....                  (boots currently unavailable)
Stlth    +.........             (no amulet)
HPRegen  0.07/turn              (no ring)
MPRegen  0.09/turn              (no ring)

@: appendages
A: unfitting armour, horns 2, talons 2, cold-blooded, AC +4
a: End Transformation


You were on level 1 of the Dungeon.
You had grown temporary horns.
You had grown temporary talons.
You visited 1 branch of the dungeon, and saw 1 of its levels.

You aren't carrying anything.


   Skills:
 + Level 1.3 Fighting
 + Level 1.9 Dodging
 + Level 3.1 Unarmed Combat
 + Level 2.1 Spellcasting
 + Level 2.1 Transmutations


You had 4 spell levels left.
You knew the following spells:

 Your Spells              Type           Power        Failure   Level
a - Beastly Appendage     Tmut           14%          11%         1

Your spell library contained the following spells:

 Spells                   Type           Power        Failure   Level
 Wereblood                Tmut           7%           16%         2
 Spider Form              Tmut/Pois      2%           43%         3
 Ice Form                 Ice/Tmut       4%           85%         4
 Blade Hands              Tmut           3%           96%         5


Dungeon Overview and Level Annotations

Branches:
Dungeon (1/15)

Altars:


Innate Abilities, Weirdness & Mutations

Your plain brown scales are hard. (AC +4)
You cannot fit into any form of body armour.
You are cold-blooded and may be slowed by cold attacks.
You have a pair of horns on your head.
You have razor-sharp toenails.


Message History

You kill the bat!
No target in view!
No target in view!
Magic restored.
Your horns disappear.
Your talons disappear.
An ooze comes into view.
An ooze is nearby!
An ooze is nearby!
An ooze is nearby!
You grow a pair of large bovine horns.
Your feet morph into talons.
A gnoll comes into view.
The ooze hits you.
You see here a gold piece.
You hit the ooze but do no damage.
The gnoll shouts!
The ooze barely misses you.
You hit the ooze but do no damage. The ooze closely misses you.
You hit the ooze. You tail-slap the ooze.
The ooze is moderately wounded.
The ooze hits you but does no damage.
You hit the ooze. You claw the ooze. You headbutt the ooze.
You kill the ooze!
A kobold comes into view.
You have reached level 2!
Your transformation is almost over.
Your horns disappear.
Your talons disappear.
You grow a pair of large bovine horns.
Your feet morph into talons.
You closely miss the gnoll. Your kick misses the gnoll.
Your tail-slap misses the gnoll.
The gnoll hits you!
You barely miss the gnoll. Your kick misses the gnoll. The gnoll misses you.
You hit the gnoll.
The gnoll is lightly wounded.
The gnoll hits you!
* * * LOW HITPOINT WARNING * * *
You are too injured to fight recklessly!
You are too injured to fight recklessly!
You barely miss the gnoll. You claw the gnoll.
The gnoll is moderately wounded.
The gnoll hits you.
You die...

#...###..#####.#
##...##..#...#..
+...'...#.#.#.# .#
#...#.......#.# #..
#...##.....###.# ...
#...##.÷.......####.#
#...###.....###......###
#... #.....# #.........
.. ...# #.....#
#.@...######.. ..#
#.....# #.g##.........
####### #†...........
###.#......# #........#
#####.......#
...##.......#
............## .
$...........##..


You could see a gnoll.

Vanquished Creatures
  An ooze (D:1)
  A leopard gecko (D:1)
  A hobgoblin (D:1)
  A bat (D:1)
4 creatures vanquished.

Notes
Turn   | Place    | Note
-------+----------+-------------------------------------------
     0 | D:1      | wampuh the Draconian Transmuter began the quest for the
                  | Orb.
     0 | D:1      | Reached XP level 1. HP: 16/16 MP: 3/3
   315 | D:1      | Reached XP level 2. HP: 19/23 MP: 3/5
   332 | D:1      | Slain by a gnoll

Illustrated notes

Levels and vault maps discovered:
D:1:      evilmike_arrival_crescent, layout_basic

Action                   || total
-------------------------++-------
Melee: Unarmed           ||    20
       Kick              ||     4
       Tailslap          ||     2
       Headbutt          ||     1
 Cast: Beastly Appendage ||     4
Armor: Skin              ||     4
Dodge: Dodged            ||     7

Table legend: (Time is in decaauts)
 A = Elapsed time spent in this place.
 B = Non-inter-level travel time spent in this place.
 C = Inter-level travel time spent in this place.
 D = Time resting spent in this place.
 E = Time spent auto-exploring this place.
 F = Levels seen in this place.
 G = Mean time per level.
                   A        B        C        D        E       F      G
               +--------+--------+--------+--------+--------+-----+--------+
         Total |    330 |    330 |      0 |    255 |     27 |   1 |  330.0 |
       Dungeon |    330 |    330 |      0 |    255 |     27 |   1 |  330.0 |
               +--------+--------+--------+--------+--------+-----+--------+

Top non-repeatable levels by time:
     D:1: 330 daAuts
